 BcadrenCrawl: Boulder Brew version 0.06-248-gd4d0ce0902 (webtiles) character file.

Game seed: 957145269448692728, levelgen mode: deterministic

8056 gruber the Geomancer (level 11, -15/54 HPs) Deep Elf Earth Elementalist. Began on Aug 15, 2022. Was a Believer of Vehumet. Killed from afar by a cyclops (20 damage) ... with an iceblast ... on level 6 of the Dungeon. The game lasted 00:21:00 (5103 turns).

gruber the Geomancer (Deep Elf Earth Elementalist)  Turns: 5103, Time: 00:21:01

Health: -15/54     AC:  3    Str: 11    XL:     11 ^: 10339
Magic:  12/29      EV: 25    Int: 24    God:    Vehumet [2* [68]]
Gold:   309        SH:  0    Dex: 19    Spells: 21/34 levels left

rFire    x . .     Slash    x   (no weapon)
rCold    x . .     Pierce   .   (no weapon)
rNeg     + . .     Bludgeon .   b - +0 robe
rCorr    . . .     Vision   .   (no helmet)
rPois    +         Gourm    .   D - scarf {repulsion}
rElec    +         Faith    .   t - +0 pair of gloves
MR       +....     Spirit   .   (no boots)
HPRegen  0.28/turn Reflect  .   z - amulet "Pasyuduw" {Chaos Str+6 Dex+4}
MPRegen  0.39/turn Harm     .   l - ring of stealth
Stlth    +++++.....             q - ring of evasion

@: studying Hexes, repel missiles
A: camouflage 1, soft flesh
a: Renounce Religion


You were on level 6 of the Dungeon.
You worshipped Vehumet.
Vehumet was pleased with you.
You were not hungry.

You visited 2 branches of the dungeon, and saw 7 of its levels.

You collected 309 gold pieces.

Inventory:

Armour
 b - a +0 robe (worn)
 t - a +0 pair of gloves (worn)
 D - a scarf of repulsion (worn)
Jewellery
 h - a cursed ring of positive energy {(Curse: rC-)}
 l - a ring of stealth (left hand)
 q - a ring of evasion (right hand)
 w - a cursed ring of poison resistance {(Curse: *Tele MR-)}
 z - the amulet "Pasyuduw" (around neck) {Chaos Str+6 Dex+4}
   (You acquired it on level 5 of the Dungeon)

   [amulet of chaos]

   It infuses your magic with chaos; buffing its maximum damage and randomizing
   its effects.
   Additionally it randomly provides additional protection from elemental
   components of attacks.
   It affects your strength (+6).
   It affects your dexterity (+4).
 C - a cursed ring of fire {(Curse: *Corrode)}
 G - an uncursed ring of protection from magic
Wands
 e - a wand of acid (9)
 o - a wand of enslavement (2)
 s - a wand of polymorph (3)
 y - a wand of iceblast
 E - a wand of flame (1)
Scrolls
 a - 3 scrolls of fog
 f - 3 scrolls of enchantment
 g - 3 scrolls of magic mapping
 j - 2 scrolls of summoning
 u - 2 scrolls of bless item
 x - 2 scrolls of teleportation
 A - a scroll of blinking
Potions
 d - a potion of cure mutation
 i - 5 potions of curing
 m - a potion of agility
 n - 2 potions of heal wounds
 p - 2 potions of cancellation
 r - 2 potions of resistance
 v - a potion of brilliance
Comestibles
 c - 14 rations


   Skills:
 - Level 10.1 Dodging
 - Level 2.4 Stealth
 * Level 12.1 Spellcasting
 - Level 1.1 Transmutations
 - Level 13.0 Earth Magic
 - Level 0.3 Evocations


You had 21 spell levels left.
You knew the following spells:

 Your Spells              Type           Power        Failure   Level  Hunger
a - Glitter               Erth           50 (50)      1%          1    0
b - Chaotic Arrow         Erth           50 (50)      1%          3    0
c - Petrify Tmut/Erth 48 (100) 2% 4 0-10 d - Methodical Deconstru Erth 67 (200) 1% 5 30-190 e - Steve's Chaos Explos Erth           67 (200)     1%          5    30-190

Your spell library contained the following spells:

 Spells                   Type           Power        Failure   Level  Hunger
 Passwall                 Tmut/Erth      48 (120)     1%          2    0
 Elemental Crush          Ice            14 (25)      4%          1    0
 Ephemeral Spirits        Fire           14 (25)      4%          1    0
 Blinding Spray           Hex/Pois       14 (50)      13%         3    0


Dungeon Overview and Level Annotations

Branches:
Dungeon (6/8)              Temple (1/1) D:4            Lair (0/6) D:5
    Orc: D:6

Altars:
Ashenzari
Cheibriados
Dithmenos
Fedhas Madash
Hepliaklqana
Kikubaaqudgha
Makhleb
Nemelex Xobeh
Okawaru
Qazlal
Sif Muna
Uskayaw
Vehumet
Xom
Yredelemnul
Zin
The Shining One


Innate Abilities, Weirdness & Mutations

Your soft flesh is weak to deep cuts.
Heavy manmade armour will nullify this weakness. (rSlashing-)
Your skin changes colour to match your surroundings (Stealth++).


Message History

You kill the yak!
Vehumet accepts your kill.
Vehumet adds the spell: Blinding Spray to your library.
You hear a splash.
Your Spellcasting skill increases to level 12!
The orc hits you with a +0 short sword (5).
* * * LOW HITPOINT WARNING * * *
Unknown command.
You enter the shallow water.
Moving in this stuff is going to be slow.
The orc hits you with a +0 short sword (3).
* * * LOW HITPOINT WARNING * * *
Items here: $ ) †† 12 gold pieces; a +0 giant club; a yak corpse; an ogre corpse
There is a stone staircase leading up here.
The cyclops zaps a wand.
The mass of ice explodes!
The iceblast engulfs the orc (25)!!
The orc dies!
The iceblast engulfs you (20)!!
You feel a painful chill!
You die...

# . ##. ..
##.# #[.#
#..###.# .
#@.....# .##
#)###### ..#
#.# ##.# #$# #
..# #C# ..l
#.# #.#
#...C##%####)#
#..%.).†o)...#
....###†######


You could see a cyclops.

Vanquished Creatures
  A two-headed ogre (D:5)
  A deep elf mage (D:6)
  A spriggan (D:4)
  A hippogriff (D:6)
  7 yaks
  A hungry ghost (D:5)
  A basilisk (D:6)
  Edmund (D:3)
  3 wargs (D:5)
  A soldier ant (D:4)
  3 water moccasins
  A wolf spider zombie (D:4)
  2 phantoms
  3 porcupines
  4 scorpions
  2 sky beasts
  A black bear (D:4)
  An ice beast (D:4)
  5 ogres
  7 big kobolds
  2 centaurs (D:5)
  3 howler monkeys
  2 hounds (D:4)
  6 jellies (D:2)
  12 orc priests
  Jessica (D:2)
  17 orc wizards
  2 iguanas
  10 worker ants
  A wyvern zombie (D:4)
  2 water moccasin skeletons
  2 wyvern skeletons (D:4)
  8 giant cockroaches
  A haearbwca (D:3)
  2 porcupine zombies (D:5)
  3 gnolls (D:4)
  2 cysgobwcod (D:4)
  7 adders
  A gwybwca (D:4)
  11 sewer rats (D:2)
  6 worms
  9 cinder newts
  5 bullfrogs
  A hound zombie (D:5)
  8 oozes
  A dart slug (D:1)
  9 leopard geckos
  29 orcs
  3 adder skeletons
  4 ball pythons
  8 bats
  2 cinder newt skeletons (D:2)
  2 hobgoblins (D:1)
  2 jackals (D:5)
  33 kobolds
  3 quokkas
  A ball python skeleton (D:2)
  2 bat skeletons (D:2)
  2 goblins (D:1)
  A goblin skeleton (D:2)
  An orc skeleton (D:2)
  5 rats
  4 withered plants (D:2)
283 creatures vanquished.

Vanquished Creatures (others)
  An orc (D:6)
  A giant blowfly (D:2)
  40 withered plants (D:2)
42 creatures vanquished.

Grand Total: 325 creatures vanquished

Notes
Turn   | Place    | Note
-------+----------+-------------------------------------------
     0 | D:1      | gruber the Deep Elf Earth Elementalist began the quest for
                  | the Orb.
     0 | D:1      | Reached XP level 1. HP: 10/10 MP: 6/6
    43 | D:1      | Reached skill level 4 in Earth Magic
    43 | D:1      | Reached XP level 2. HP: 15/15 MP: 5/8
    71 | D:1      | Reached XP level 3. HP: 19/19 MP: 1/10
   193 | D:1      | Learned a level 3 spell: Chaotic Arrow
   320 | D:1      | Reached XP level 4. HP: 24/24 MP: 8/12
   615 | D:2      | Reached skill level 5 in Earth Magic
   624 | D:2      | Noticed a water moccasin
   636 | D:2      | Killed a water moccasin
   636 | D:2      | Reached skill level 5 in Spellcasting
   636 | D:2      | Reached XP level 5. HP: 4/28 MP: 3/15
   728 | D:2      | Reached skill level 6 in Earth Magic
   728 | D:2      | Reached XP level 6. HP: 32/32 MP: 14/17
   885 | D:2      | Noticed a water moccasin
   889 | D:2      | Killed a water moccasin
   889 | D:2      | Reached XP level 7. HP: 36/36 MP: 11/19
   968 | D:2      | Reached skill level 7 in Earth Magic
  1190 | D:2      | Found a shimmering blue altar of Sif Muna.
  1199 | D:2      | Identified the ring "Ohavol" {rC+ Str+4 Dex+5}
  1357 | D:2      | Gained mutation: Your skin changes colour to match your
                  | surroundings (Stealth++). [potion of mutation]
  1361 | D:2      | Reached XP level 8. HP: 41/41 MP: 21/23
  1423 | D:2      | Reached skill level 8 in Earth Magic
  1639 | D:2      | Noticed Jessica
  1643 | D:2      | Killed Jessica
  1693 | D:2      | Learned a level 4 spell: Petrify
  1699 | D:2      | Learned a level 5 spell: Methodical Deconstruction
  1732 | D:2      | Reached skill level 10 in Spellcasting
  2367 | D:3      | Noticed Edmund
  2381 | D:3      | Killed Edmund
  2381 | D:3      | Reached skill level 9 in Earth Magic
  2657 | D:3      | Learned a level 5 spell: Steve's Chaos Explosion
  2710 | D:3      | Reached XP level 9. HP: 45/45 MP: 15/26
  3066 | D:4      | Reached skill level 10 in Earth Magic
  3151 | D:4      | Reached skill level 11 in Earth Magic
  3221 | D:4      | Found a staircase to the Ecumenical Temple.
  3254 | D:4      | Identified a scroll of acquirement
  3347 | D:4      | Reached skill level 12 in Earth Magic
  3354 | D:7      | Connectivity tunneler affected wad_dig_loot.
  3354 | Temple   | Entered the Ecumenical Temple
  3499 | Temple   | Became a worshipper of Vehumet
  4306 | D:5      | Entered Level 5 of the Dungeon
  4308 | D:5      | Reached XP level 10. HP: 50/50 MP: 20/27
  4329 | D:5      | Reached skill level 13 in Earth Magic
  4388 | D:5      | Found a staircase to the Lair.
  4398 | D:5      | Reached * piety under Vehumet
  4398 | D:5      | Offered knowledge of Elemental Crush by Vehumet.
  4409 | D:5      | Noticed a two-headed ogre
  4422 | D:5      | Killed a two-headed ogre
  4422 | D:5      | Reached skill level 5 in Dodging
  4576 | D:5      | Identified the amulet "Pasyuduw" {Chaos Str+6 Dex+4} (You
                  | acquired it on level 5 of the Dungeon)
  4655 | D:5      | Reached ** piety under Vehumet
  4738 | D:5      | Offered knowledge of Ephemeral Spirits by Vehumet.
  4846 | D:5      | Found an iron altar of Okawaru.
  4861 | D:5      | Reached skill level 10 in Dodging
  5076 | D:6      | Noticed a deep elf mage
  5079 | D:6      | Killed a deep elf mage
  5079 | D:6      | Reached XP level 11. HP: 54/54 MP: 18/28
  5098 | D:6      | Offered knowledge of Blinding Spray by Vehumet.
  5103 | D:6      | Killed from afar by a cyclops

Levels and vault maps discovered:
D:1:      minmay_arrival_stair_chambers, layout_basic
D:2:      layout_sewer, led_sif_book, uniq_jessica
D:3:      layout_basic, first_ration, uniq_edmund
D:4:      layout_loops_cross, minmay_temple_entry_sparse_star, the_bakery,
          small_chamber_with_monster, wad_rectangle_vault
D:5:      layout_rooms, erik_lair_orcish_takeover, okawaru_trees_2
D:6:      layout_loops_cross, kennysheep_mini, david_orc_5
Temple:   nicolae_temple_elliptical

Skill      XL: |  1  2  3  4  5  6  7  8  9 10 11 |
---------------+----------------------------------+-----
Earth Magic    | 4 5 6 7 9 12 13 | 13.0
Spellcasting   | 4 5 6 7 9 11 12 | 12.1
Dodging        | 10 | 10.1
Stealth        | |  2.4
Transmutations | |  1.1
Evocations     | |  0.3

Action                   |  1- 3 |  4- 6 |  7- 9 | 10-12 || total
-------------------------+-------+-------+-------+-------++-------
Melee: Unarmed           |     4 |       |    10 |       ||    14
 Cast: Glitter           |    21 |    44 |   155 |    80 ||   300
       Chaotic Arrow     |     2 |     8 |    48 |    32 ||    90
       Petrify           |       |       |     8 |     1 ||     9
       Steve's Chaos Exp |       |       |    23 |     7 ||    30
Evoke: Wand              |       |       |     2 |       ||     2
  Use: Potion            |       |       |     1 |       ||     1
       Scroll            |       |       |       |     1 ||     1
  Eat: Chunk             |       |       |    14 |     4 ||    18
Armor: Robe              |     3 |     1 |     6 |     2 ||    12
Dodge: Dodged            |     7 |     5 |    12 |    14 ||    38
       Deflected         |       |       |       |     1 ||     1
